 Dungeon Crawl Stone Soup version 0.22.1 (console) character file.

275 erker the Changer (level 6, -2/38 HPs)
             Began as an Octopode Transmuter on Sept 17, 2018.
             Was a Follower of Cheibriados.
             Slain by a worker ant (7 damage)
             ... on level 4 of the Dungeon.
             The game lasted 00:09:34 (2673 turns).

erker the Changer (Octopode Transmuter)             Turns: 2673, Time: 00:09:34

Health: -2/38      AC:  2    Str: 12    XL:     6   Next: 25%
Magic:  8/11       EV: 20    Int: 20    God:    Cheibriados [*.....]
Gold:   74         SH:  0    Dex: 21    Spells: 2/12 levels left

rFire    . . .     SeeInvis .     - Unarmed
rCold    + . .     Gourm    .   (shield currently unavailable)
rNeg     + . .     Faith    .   (helmet currently unavailable)
rPois    .         Spirit   .   t - amulet of magic regeneration
rElec    .         Reflect  .   e - ring of poison resistance
rCorr    .         Harm     .   i - ring of positive energy
MR       .....                  u - ring of protection from cold
Stlth    ++........             (no ring)
HPRegen  0.12/turn              (no ring)
MPRegen  0.37/turn              (no ring)
                                (no ring)
                                (no ring)

@: spider-form, very slow
A: tiny, almost no armour, stealthy swim, (amphibious), 8 rings, (constrict 8)
a: End Transformation, Bend Time, Renounce Religion


You were on level 4 of the Dungeon.
You worshipped Cheibriados.
Cheibriados was aware of your devotion.
You were not hungry.
You were a venomous arachnid creature.
You visited 1 branch of the dungeon, and saw 4 of its levels.

You collected 184 gold pieces.
You spent 110 gold pieces at shops.

Inventory:

Missiles
 a - 68 arrows
 q - 7 javelins (quivered)
Jewellery
 e - a ring of poison resistance (left front leg)
 i - a ring of positive energy (right front leg)
 t - an amulet of magic regeneration (around neck)
 u - a ring of protection from cold (on tentacle)
Wands
 n - a wand of digging (10)
Scrolls
 d - a scroll of fear {unknown}
 f - 2 scrolls of teleportation {unknown}
 g - 4 scrolls of identify {unknown}
 h - a scroll of enchant armour {unknown}
 j - 2 scrolls of remove curse {unknown}
 k - 2 scrolls of fog {unknown}
 o - a scroll of enchant weapon {unknown}
 p - a scroll of amnesia {unknown}
Potions
 b - a potion of ambrosia {unknown}
 l - a potion of curing {unknown}
 m - a potion of cancellation {unknown}
 r - a potion of might {unknown}
Comestibles
 c - 8 rations


   Skills:
 - Level 1.0 Fighting
 - Level 2.0 Dodging
 - Level 3.0 Unarmed Combat
 + Level 3.8 Spellcasting
 + Level 4.2 Transmutations
 * Level 0.1 Ice Magic
 - Level 2.2 Poison Magic
 * Level 1.9 Invocations


You had 2 spell levels left.
You knew the following spells:

 Your Spells              Type           Power        Failure   Level  Hunger
a - Beastly Appendage     Tmut           ###...       9%          1    None
s - Spider Form           Tmut/Pois      ###.......   26%         3    ###....
t - Sticks to Snakes      Tmut           ###.....     12%         2    ##.....
y - Ice Form              Ice/Tmut       ##......     67%         4    ####...

Your spell library contained the following spells:

 Spells                   Type           Power        Failure   Level  Hunger
 Blade Hands              Tmut           ###.......   75%         5    ######.


Dungeon Overview and Level Annotations

Branches:
Dungeon (4/15)
 Temple: D:4-7

Altars:
Cheibriados
Gozag
Okawaru
Ru
Sif Muna

Shops:
D:4 *(


Innate Abilities, Weirdness & Mutations

You cannot wear most types of armour.
You are very stealthy in the water. (Stealth+)
((You are amphibious.))
You can wear up to eight rings at the same time.
((You can use your tentacles to constrict eight enemies at once.))
((Your skin changes colour to match your surroundings (Stealth+).))
((Your rubbery body absorbs attacks. (AC +1, EV +1)))


Message History

Your ball python constricts the hound.
The hound bites you.
You closely miss the worker ant.
The worker ant is severely wounded.
The worker ant bites you!
* * * LOW HITPOINT WARNING * * *
The hound bites you.
* * * LOW HITPOINT WARNING * * *
Your ball python bites the hound.
Your ball python constricts the hound.
The orc wizard casts a spell at you. The puff of frost hits you! You resist.
* * * LOW HITPOINT WARNING * * *
The worker ant misses you.
Casting: Sticks to Snakes (safe; 12% risk of failure)
Confirm with . or Enter, or press ? or * to list all spells.
You create a snake!
You now have 68 arrows.
You kill the hound!
Cheibriados thoroughly appreciates the change of pace.
The orc wizard begins to cast a cantrip, but forgets the words!
The worker ant bites you!
You die...

.##.## #...# #.# ..#.#
#.........##.# #'#####
#####...#####.##.# #.#...#
#..>...... #.# #.#.#.#
........ .#. #.#.#[#
#.......o. #.#### #.#.#.#
#####...#####.......# #...#.#
#.†Sao<...##.##.# #####.#
#..s# #...#.# #...#.# #S..#
#...#.# #.#.#.#########.####
# #...#.# ## #.#.#.#
...........# #.##.##.###.
#.#.#.#####..##.##.#
#.......##..
#.#...#..........#.#
####.8......
#.#####..........#.#
#.....#####
#.#...#...#..#.#.#.####.##..#
#.#.#.#.................##∩.#


You could see a worker ant, an orc wizard, an orc, a friendly adder and a
friendly ball python.

Vanquished Creatures
  An ogre (D:4)
  2 hounds (D:4)
  An orc wizard (D:3)
  3 gnolls (D:3)
  2 adders
  An ooze (D:2)
  An adder skeleton (D:4)
  A worm (D:4)
  2 dart slugs
  2 orcs
  3 ball pythons
  4 giant cockroaches
  9 hobgoblins
  3 jackals (D:4)
  12 bats
  6 frilled lizards
  3 goblins
  4 kobolds
  8 rats
68 creatures vanquished.

Vanquished Creatures (collateral kills)
  A rat (D:3)
1 creature vanquished.

Grand Total: 69 creatures vanquished

Notes
Turn   | Place    | Note
-------+----------+-------------------------------------------
     0 | D:1      | erker the Octopode Transmuter began the quest for the Orb.
     0 | D:1      | Reached XP level 1. HP: 13/13 MP: 3/3
   224 | D:1      | Reached XP level 2. HP: 9/18 MP: 3/5
   228 | D:1      | Learned a level 2 spell: Sticks to Snakes
   704 | D:2      | Reached XP level 3. HP: 23/23 MP: 4/6
   706 | D:2      | Reached skill level 3 in Transmutations
   776 | D:2      | Learned a level 3 spell: Spider Form
  1135 | D:2      | Reached XP level 4. HP: 15/28 MP: 6/8
  1150 | D:2      | Found a snail-covered altar of Cheibriados.
  1174 | D:2      | Became a worshipper of Cheibriados the Contemplative
  1529 | D:3      | Reached skill level 1 in Poison Magic
  1603 | D:3      | Found an iron altar of Okawaru.
  1816 | D:3      | Found a sacrificial altar of Ru.
  2004 | D:3      | Reached * piety under Cheibriados
  2004 | D:3      | Reached skill level 1 in Invocations
  2004 | D:3      | Reached XP level 5. HP: 16/33 MP: 9/9
  2006 | D:3      | Found a deep blue altar of Sif Muna.
  2164 | D:4      | Found Tounoodo's Antique Weapon Emporium.
  2322 | D:4      | Found an opulent altar of Gozag.
  2466 | D:4      | Noticed an ogre
  2478 | D:4      | Killed an ogre
  2478 | D:4      | Reached skill level 4 in Transmutations
  2478 | D:4      | Reached XP level 6. HP: 26/38 MP: 4/11
  2484 | D:4      | Learned a level 4 spell: Ice Form
  2625 | D:4      | Found Umiotaipti's Assorted Antiques.
  2628 | D:4      | Bought a diamond ring for 110 gold pieces
  2673 | D:4      | Slain by a worker ant

Skill      XL: |  1  2  3  4  5 |
---------------+----------------+-----
Transmutations | 3 4 |  4.2
Poison Magic   | 1 2 |  2.2
Spellcasting   | 3 |  3.8
Invocations    | 1 |  1.9
Fighting       | |  1.0
Dodging        | |  2.0
Unarmed Combat | |  3.0
Ice Magic      | |  0.1

Action                   |  1- 3 |  4- 6 || total
-------------------------+-------+-------++-------
Melee: Unarmed           |    79 |    88 ||   167
       Constrict         |    22 |    10 ||    32
       Kick              |    10 |     4 ||    14
       Tentacles         |     8 |    10 ||    18
       Punch             |       |     2 ||     2
Throw: Javelin           |       |     1 ||     1
 Cast: Beastly Appendage |    17 |    10 ||    27
       Spider Form       |       |     8 ||     8
       Sticks to Snakes  |       |     5 ||     5
 Stab: Sleeping          |     6 |     2 ||     8
  Eat: Chunk             |     1 |     5 ||     6
Armor: Skin              |    14 |     9 ||    23
Dodge: Dodged            |    61 |    69 ||   130
